 Dungeon Crawl Stone Soup version 0.27-a0-1281-ge233d83751 (webtiles) character file.

Game seed: 18290880043492742953

73 Ijustatesigmund the Sneak (level 4, 0/19 (23) HPs)
             Began as a Spriggan Brigand on June 14, 2021.
             Slain by Jessica (1 damage)
             ... on level 3 of the Dungeon.
             The game lasted 00:05:36 (3371 turns).

Ijustatesigmund the Sneak (Spriggan Brigand)        Turns: 3371, Time: 00:05:36

HP:   0/19 (23)     AC:  3    Str:  7    XL:     4   Next: 8%
MP:   3/5           EV: 18    Int: 12    God:
Gold: 1154          SH:  0    Dex: 17    Spells: 2/3 levels left

rFire    . . .     SeeInvis +   a - +2 dagger
rCold    . . .     Faith    .   (shield restricted)
rNeg     . . .     Spirit   .   b - +0 robe
rPois    .         Reflect  .   (helmet restricted)
rElec    .         Harm     .   c - +0 cloak
rCorr    .         Rampage  .   (gloves unavailable)
Will     .....                  (boots unavailable)
Stlth    +++.......             (no amulet)
HPRegen  0.06/turn              (no ring)
MPRegen  0.09/turn              (no ring)

@: about to teleport, heavily drained, very quick
A: very small, no large weapons, unfitting armour, see invisible, speed 3
a: no special abilities


You were on level 3 of the Dungeon.
You visited 1 branch of the dungeon, and saw 3 of its levels.

You collected 1242 gold pieces.
You spent 88 gold pieces at shops.

Inventory:

Hand Weapons
 a - a +2 dagger (weapon)
 f - a +1 dagger of freezing
Missiles
 d - 6 poisoned darts
 e - a curare-tipped dart (quivered)
Armour
 b - a +0 robe (worn)
 c - a +0 cloak (worn)
Jewellery
 g - a ring of magical power
Scrolls
 h - 2 scrolls of identify
Potions
 i - a potion of lignification


   Skills:
 + Level 2.4 Fighting
 + Level 3.2 Short Blades
 - Level 2.0 Throwing
 + Level 3.2 Dodging
 - Level 5.8 Stealth


You had 2 spell levels left.
You knew the following spells:

 Your Spells              Type           Power      Damage    Failure   Level
a - Magic Dart            Conj           0%         1d3       32%         1

Your spell library contained the following spells:

 Spells                   Type           Power      Damage    Failure   Level
 Blink                    Tloc           N/A        N/A       45%         2
 Call Imp                 Summ           0%         N/A       45%         2
 Slow                     Hex            0%         N/A       45%         2
 Conjure Flame            Conj/Fire      0%         6-21      69%         3
 Mephitic Cloud           Conj/Pois/Air  0%         N/A       69%         3


Dungeon Overview and Level Annotations

Branches:
Dungeon (3/15)

Altars:
Dithmenos

Shops:
D:2 [   D:3 *

Annotations:
D:3 Grinder, Jessica


Innate Abilities, Weirdness & Mutations

You are very small and have problems with some larger weapons.
You are too small for most types of armour.
You have supernaturally acute eyesight. (SInv)
You cover ground extremely quickly. (Speed+++)


Message History

The adder bites you.
A kobold comes into view. It is wielding a +0 short sword.
The adder looks more healthy.
The helpless kobold fails to defend itself.
You impale the kobold!!
You kill the kobold!
Jessica shouts, "You are a ghastly nuisance!"
Casting: Magic Dart (safe; 32% risk of failure)
Confirm with . or Enter, or press ? or * to list all spells.
Aiming: Magic Dart (safe; 32% risk of failure)
Press: ? - help, Shift-Dir - straight line, f/p - adder
Aim: an adder (severely wounded, 100% to hit)
The magic dart hits the adder.
The adder is severely wounded.
Jessica mumbles something strange.
You hit the adder.
You kill the adder!
You have reached level 4!
Throw: 2 darts (curare)
Press: ? - help, Q - select action, (/) - cycle Shift-Dir - straight line, f - Jessica
Aim: Jessica, wielding a +2 dagger of draining and wearing a +2 robe of cold resistance (moderately wounded, fast, 62% to hit)
You throw a curare-tipped dart.
The curare-tipped dart closely misses Jessica.
Jessica shouts, "You're disturbing me!
I'll have to kill you!"
Jessica hits you with a +2 dagger of draining.
You feel drained. 3 wights come into view.
The wight moves out of view.
As you read the scroll of teleportation, it crumbles to dust.
You feel strangely unstable.
Jessica hits you with a +2 dagger of draining.
You feel drained.
* * * LOW HITPOINT WARNING * * *
A wight comes into view. It is wielding a +0 hand axe.
You aren't carrying any items that you can evoke.
Okay, then.
Jessica hits you with a +2 dagger of draining.
* * * LOW HITPOINT WARNING * * *
You feel drained.
You die...

###.# #(.)#
#.### #.#
#†# #.# ..
#.# ....
#.#####.z...
#.##@z..z..z
#..@.##.....
###### #..


You could see 4 wights and Jessica (fast).

Vanquished Creatures
  3 adders
  A worm (D:2)
  4 endoplasms
  2 giant cockroaches
  5 goblins
  2 hobgoblins (D:2)
  5 jackals
  3 kobolds
  2 quokkas
  3 ball pythons
  3 bats
  4 frilled lizards
  6 rats
43 creatures vanquished.

Notes
Turn   | Place    | Note
-------+----------+-------------------------------------------
     0 | D:1      | Ijustatesigmund the Spriggan Brigand began the quest for
                  | the Orb.
     0 | D:1      | Reached XP level 1. HP: 10/10 MP: 2/2
   320 | D:1      | Identified a scroll of acquirement
   320 | D:1      | Acquired 1192 gold pieces
   590 | D:1      | Reached XP level 2. HP: 15/15 MP: 3/3
   736 | D:1      | Learned a level 1 spell: Magic Dart
  1489 | D:2      | Reached XP level 3. HP: 18/18 MP: 4/4
  1791 | D:2      | Found Xeinyfo's Armour Boutique.
  2142 | D:2      | Found a faded altar of an unknown god.
  2525 | D:3      | Found Vatohy's General Store.
  2529 | D:3      | Found a shadowy altar of Dithmenos.
  3079 | D:3      | Bought a scroll of identify for 22 gold pieces
  3079 | D:3      | Bought a scroll of noise for 11 gold pieces
  3079 | D:3      | Bought a scroll of identify for 22 gold pieces
  3079 | D:3      | Bought a scroll of teleportation for 33 gold pieces
  3083 | D:3      | Noticed Grinder
  3331 | D:3      | Noticed Jessica
  3363 | D:3      | Reached XP level 4. HP: 16/23 MP: 3/5
  3371 | D:3      | HP: 1/20 [Jessica (5)]
  3371 | D:3      | Slain by Jessica

Illustrated notes

Levels and vault maps discovered:
D:1:      lightli_arrival_statuegarden, layout_loops_corners
D:2:      layout_basic, serial_shops, shop_statue,
          dilly_ecumenical_altar_fadedgnrine, chequers_serial_rivers_large_a
D:3:      layout_loops_cross, amcnicky_altar_gilded, grunt_ashenzari_visionary
          [grunt_ashenzari_visionary_shoals, grunt_ashenzari_visionary_spider],
          nicolae_dithmenos_through_a_glass_darkly, serial_shops, shop,
          uniq_grinder, uniq_crazy_yiuf_cottage, uniq_jessica

Skill      XL: |  1  2  3 |
---------------+----------+-----
Dodging        | 2 3 |  3.2
Fighting       | 2 |  2.4
Short Blades   | 3 |  3.2
Throwing       | |  2.0
Stealth        | |  5.8

Action                   |  1- 3 |  4- 6 || total
-------------------------+-------+-------++-------
Melee: Dagger            |   132 |       ||   132
Throw: Dart              |    10 |     1 ||    11
 Cast: Magic Dart        |     1 |       ||     1
  Use: Scroll            |     6 |     1 ||     7
 Stab: Sleeping          |    13 |       ||    13
Armor: Robe              |    17 |       ||    17
Dodge: Dodged            |    97 |       ||    97

Table legend: (Time is in decaauts)
 A = Elapsed time spent in this place.
 B = Non-inter-level travel time spent in this place.
 C = Inter-level travel time spent in this place.
 D = Time resting spent in this place.
 E = Time spent auto-exploring this place.
 F = Levels seen in this place.
 G = Mean time per level.
                   A        B        C        D        E       F      G
               +--------+--------+--------+--------+--------+-----+--------+
         Total |   2558 |   2517 |     41 |    834 |   1323 |   3 |  852.7 |
       Dungeon |   2558 |   2517 |     41 |    834 |   1323 |   3 |  852.7 |
               +--------+--------+--------+--------+--------+-----+--------+

Top non-repeatable levels by time:
     D:2: 1287 daAuts
     D:1: 972 daAuts
     D:3: 299 daAuts
